MLB
PITTSBURGH PIRATES @ SAN FRANCISCO GIANTS
06/09/2020
 
TOP OF THE 1ST
Pittsburgh Pirates batting - Pitching for San Francisco Giants : LHP Tyler Anderson
Pitching: LHP Tyler Anderson
Batting: LHB Jarrod Dyson 0-0: Ball
1-0: Ball
2-0: Called Strike
2-1: Fly out, F8 (Flyball, 8LD, EV 93.8 MPH)
Batting: RHB Kevin Newman 0-0: Called Strike
0-1: Ball
1-1: Foul Ball, location: 2F
1-2: Strikes out looking
Batting: SHB Bryan Reynolds 0-0: Ground out 5-3 (Groundball, 56S, EV 80.6 MPH)
Top of the 1st over - 0 runs, 0 hits, 0 errors, 0 left on base; Pittsburgh 0 - San Francisco 0
BOTTOM OF THE 1ST
San Francisco Giants batting - Pitching for Pittsburgh Pirates : RHP Joe Musgrove
Pitching: RHP Joe Musgrove
Batting: LHB Steven Duggar 0-0: Reached on error, E5 (Groundball, 5L, EV 87.5 MPH)
Batting: LHB Brandon Belt 0-0: Called Strike
0-1: Foul Ball, location: 2F
0-2: Fly out, F5 (Popup, 5SF, EV 73.1 MPH)
Batting: RHB Yasiel Puig 0-0: Ball
1-0: Swinging Strike
1-1: Called Strike
1-2: Foul Ball, location: 2F
1-2: Strikes out looking
Batting: LHB Mike Yastrzemski 0-0: Called Strike
0-1: Fly out, F5 (Popup, 5F, EV 69.4 MPH)
Bottom of the 1st over - 0 runs, 0 hits, 1 error, 1 left on base; Pittsburgh 0 - San Francisco 0
TOP OF THE 2ND
Pittsburgh Pirates batting - Pitching for San Francisco Giants : LHP Tyler Anderson
Batting: SHB Josh Bell 0-0: Swinging Strike
0-1: Ball
1-1: Fly out, F8 (Flyball, 89D, EV 105.0 MPH)
Batting: RHB Jacob Stallings 0-0: Called Strike
0-1: Foul Ball, location: 2F
0-2: Ball
1-2: Foul Ball, location: 2F
1-2: Strikes out swinging
Batting: RHB Ke'Bryan Hayes 0-0: Swinging Strike
0-1: Ball
1-1: Swinging Strike
1-2: Foul Ball, location: 2F
1-2: Ground out 5-3 (Groundball, 56, EV 83.8 MPH)
Top of the 2nd over - 0 runs, 0 hits, 0 errors, 0 left on base; Pittsburgh 0 - San Francisco 0
BOTTOM OF THE 2ND
San Francisco Giants batting - Pitching for Pittsburgh Pirates : RHP Joe Musgrove
Batting: RHB Evan Longoria 0-0: Ball
1-0: Ground out 5-3 (Groundball, 56, EV 96.3 MPH)
Batting: LHB Brandon Crawford 0-0: Ball
1-0: Ball
2-0: Called Strike
2-1: Ball
3-1: Called Strike
3-2: Foul Ball, location: 2F
3-2: SINGLE (Line Drive, 78S, EV 95.6 MPH)
Batting: RHB Buster Posey 0-0: Ball
1-0: Swinging Strike
1-1: Ball
2-1: Ball
3-1: Fly out, F9 (Flyball, 9S, EV 95.0 MPH)
Batting: RHB Donovan Solano 0-0: Ball
1-0: Swinging Strike
1-1: Ball
2-1: Ball
3-1: Called Strike
3-2: Ground out 4-3 (Groundball, 4D, EV 108.1 MPH)
Bottom of the 2nd over - 0 runs, 1 hit, 0 errors, 1 left on base; Pittsburgh 0 - San Francisco 0
TOP OF THE 3RD
Pittsburgh Pirates batting - Pitching for San Francisco Giants : LHP Tyler Anderson
Batting: LHB Kevin Kramer 0-0: Fly out, F7 (Flyball, 7LS, EV 85.6 MPH)
Batting: RHB Guillermo Heredia 0-0: Called Strike
0-1: Ground out 6-3 (Groundball, 6, EV 91.9 MPH)
Batting: RHB Joe Musgrove 0-0: Ball
1-0: Fly out, F8 (Line Drive, 8RD, EV 98.1 MPH)
Top of the 3rd over - 0 runs, 0 hits, 0 errors, 0 left on base; Pittsburgh 0 - San Francisco 0
BOTTOM OF THE 3RD
San Francisco Giants batting - Pitching for Pittsburgh Pirates : RHP Joe Musgrove
Batting: LHB Tyler Anderson 0-0: Foul Ball, location: 2F
0-1: Ground out 4-3 (Groundball, 13, EV 86.3 MPH)
Batting: LHB Steven Duggar 0-0: Ball
1-0: SINGLE (Groundball, 3S, EV 64.4 MPH) (infield hit)
Batting: LHB Brandon Belt 0-0: Ball
1-0: Grounds into double play, 6-4-3 (Groundball, 6, EV 106.3 MPH)
Bottom of the 3rd over - 0 runs, 1 hit, 0 errors, 0 left on base; Pittsburgh 0 - San Francisco 0
TOP OF THE 4TH
Pittsburgh Pirates batting - Pitching for San Francisco Giants : LHP Tyler Anderson
Batting: LHB Jarrod Dyson 0-0: Ground out 4-3 (Groundball, 4S, EV 93.8 MPH)
Batting: RHB Kevin Newman 0-0: Swinging Strike
0-1: Fly out, F8 (Flyball, 8RXD, EV 91.3 MPH)
Batting: SHB Bryan Reynolds 0-0: Called Strike
0-1: DOUBLE (Flyball, 8LXD, EV 105.0 MPH)
Batting: SHB Josh Bell 0-0: Ball
1-0: Ball
2-0: Called Strike
2-1: Ball
3-1: Base on Balls
Batting: RHB Jacob Stallings 0-0: Ball
1-0: Ball
2-0: Fly out, F8 (Line Drive, 8LM, EV 97.5 MPH)
Top of the 4th over - 0 runs, 1 hit, 0 errors, 2 left on base; Pittsburgh 0 - San Francisco 0
BOTTOM OF THE 4TH
San Francisco Giants batting - Pitching for Pittsburgh Pirates : RHP Joe Musgrove
Batting: RHB Yasiel Puig 0-0: Called Strike
0-1: Foul Ball, location: 2F
0-2: Strikes out swinging
Batting: LHB Mike Yastrzemski 0-0: Ball
1-0: Ball
2-0: Ball
3-0: Ground out 4-3 (Groundball, 13, EV 85.0 MPH)
Batting: RHB Evan Longoria 0-0: Ground out U3 (Groundball, 34, EV 82.5 MPH)
Bottom of the 4th over - 0 runs, 0 hits, 0 errors, 0 left on base; Pittsburgh 0 - San Francisco 0
TOP OF THE 5TH
Pittsburgh Pirates batting - Pitching for San Francisco Giants : LHP Tyler Anderson
Batting: RHB Ke'Bryan Hayes 0-0: Called Strike
0-1: Ball
1-1: Swinging Strike
1-2: Strikes out swinging
Batting: LHB Kevin Kramer 0-0: Ball
1-0: Ball
2-0: Foul Ball, location: 2F
2-1: Ball
3-1: Base on Balls
Batting: RHB Guillermo Heredia 0-0: Ball
1-0: Called Strike
1-1: Called Strike
1-2: Ball
2-2: Foul Ball, location: 2F
2-2: Foul Ball, location: 2F
2-2: Strikes out swinging
Batting: RHB Joe Musgrove 0-0: Foul Ball, location: 2F
0-1: Ball
1-1: Swinging Strike
1-2: Foul Ball, location: 2F
1-2: Ball
2-2: Ball
3-2: Foul Ball, location: 2F
3-2: Strikes out swinging
Top of the 5th over - 0 runs, 0 hits, 0 errors, 1 left on base; Pittsburgh 0 - San Francisco 0
BOTTOM OF THE 5TH
San Francisco Giants batting - Pitching for Pittsburgh Pirates : RHP Joe Musgrove
Batting: LHB Brandon Crawford 0-0: Ball
1-0: Ground out 6-3 (Groundball, 6, EV 83.1 MPH)
Batting: RHB Buster Posey 0-0: Called Strike
0-1: Swinging Strike
0-2: DOUBLE (Line Drive, 5D, EV 103.8 MPH)
Batting: RHB Donovan Solano 0-0: Ball
1-0: SINGLE (Groundball, 56D, EV 98.1 MPH)
Buster Posey to third
Batting: LHB Tyler Anderson 0-0: Swinging Strike
0-1: Called Strike
0-2: Ball
1-2: Foul Ball, location: 2F
1-2: Strikes out swinging
Batting: LHB Steven Duggar 0-0: Called Strike
0-1: Foul Ball, location: 2F
0-2: Ball
1-2: Ball
2-2: Ball
3-2: Ground out 5-3 (Groundball, 56S, EV 85.6 MPH)
Bottom of the 5th over - 0 runs, 2 hits, 0 errors, 2 left on base; Pittsburgh 0 - San Francisco 0
TOP OF THE 6TH
Pittsburgh Pirates batting - Pitching for San Francisco Giants : LHP Tyler Anderson
Batting: LHB Jarrod Dyson 0-0: Foul Ball, location: 2F
0-1: Ball
1-1: Foul Ball, location: 2F
1-2: Foul Ball, location: 2F
1-2: Strikes out swinging
Batting: RHB Kevin Newman 0-0: Called Strike
0-1: Ball
1-1: SINGLE (Groundball, 23, EV 70.6 MPH) (infield hit)
Batting: SHB Bryan Reynolds 0-0: Called Strike
0-1: Fielders Choice at 2nd, 5-4 (Groundball, 56, EV 81.3 MPH)
Batting: SHB Josh Bell 0-0: Called Strike
0-1: Called Strike
0-2: Ball
1-2: Fly out, F7 (Flyball, 7LM, EV 91.3 MPH)
Top of the 6th over - 0 runs, 1 hit, 0 errors, 1 left on base; Pittsburgh 0 - San Francisco 0
BOTTOM OF THE 6TH
San Francisco Giants batting - Pitching for Pittsburgh Pirates : RHP Joe Musgrove
Batting: LHB Brandon Belt 0-0: Called Strike
0-1: Ball
1-1: Foul Ball, location: 2F
1-2: Strikes out looking
Batting: RHB Yasiel Puig 0-0: Ball
1-0: Foul Ball, location: 2F
1-1: Called Strike
1-2: Foul Ball, location: 2F
1-2: Ball
2-2: Foul Ball, location: 2F
2-2: Fly out, F9 (Flyball, 9D, EV 94.4 MPH)
Batting: LHB Mike Yastrzemski 0-0: Ball
1-0: Swinging Strike
1-1: Foul Ball, location: 2F
1-2: Ground out 4-3 (Groundball, 4, EV 103.8 MPH)
Bottom of the 6th over - 0 runs, 0 hits, 0 errors, 0 left on base; Pittsburgh 0 - San Francisco 0
TOP OF THE 7TH
Pittsburgh Pirates batting - Pitching for San Francisco Giants : LHP Tyler Anderson
Batting: RHB Jacob Stallings 0-0: Called Strike
0-1: Ball
1-1: Ball
2-1: Called Strike
2-2: Strikes out swinging
Batting: RHB Ke'Bryan Hayes 0-0: Foul Ball, location: 2F
0-1: Foul Ball, location: 2F
0-2: Ball
1-2: DOUBLE (Line Drive, 89XD, EV 106.3 MPH)
Batting: LHB Kevin Kramer 0-0: Ball
1-0: Ground out U3 (Groundball, 34, EV 86.9 MPH)
Ke'Bryan Hayes to third
Batting: RHB Guillermo Heredia 0-0: Called Strike
0-1: Called Strike
0-2: Ball
Wild Pitch!
Ke'Bryan Hayes scores
1-2: Ball
2-2: Strikes out swinging
Top of the 7th over - 1 run, 1 hit, 0 errors, 0 left on base; Pittsburgh 1 - San Francisco 0
BOTTOM OF THE 7TH
San Francisco Giants batting - Pitching for Pittsburgh Pirates : RHP Joe Musgrove
Batting: RHB Evan Longoria 0-0: Ball
1-0: Ball
2-0: Swinging Strike
2-1: SINGLE (Groundball, 4MD, EV 96.3 MPH)
Batting: LHB Brandon Crawford 0-0: Called Strike
0-1: Foul Ball, location: 2F
0-2: Strikes out looking
Batting: RHB Buster Posey 0-0: Ball
Evan Longoria steals 2nd base
1-0: Ball
2-0: Ball
3-0: Called Strike
3-1: SINGLE (Groundball, 4MD, EV 108.1 MPH)
Evan Longoria to third
Runner from 3rd tries for Home, SAFE, throw by CF to home
Batting: RHB Donovan Solano 0-0: Grounds into double play, 6-4-3 (Groundball, 6, EV 85.6 MPH)
Bottom of the 7th over - 1 run, 2 hits, 0 errors, 0 left on base; Pittsburgh 1 - San Francisco 1
TOP OF THE 8TH
Pittsburgh Pirates batting - Pitching for San Francisco Giants : LHP Tyler Anderson
Batting: RHB Joe Musgrove 0-0: Ball
1-0: DOUBLE (Flyball, 78XD, EV 106.9 MPH)
Batting: LHB Jarrod Dyson 0-0: Ground out 2-3 (Groundball, 13S, EV 65.6 MPH)
Joe Musgrove to third
Batting: RHB Kevin Newman 0-0: Swinging Strike
0-1: Foul Ball, location: 2F
0-2: Ball
1-2: Ball
2-2: SINGLE (Groundball, 4, EV 103.1 MPH)
Joe Musgrove scores
Batting: SHB Bryan Reynolds 0-0: 2-RUN HOME RUN (Flyball, 7LD, EV 108.1 MPH), Distance : 382 ft
Batting: SHB Josh Bell 0-0: Called Strike
0-1: Ball
1-1: Ball
2-1: Foul Ball, location: 2F
2-2: Foul Ball, location: 2F
2-2: Foul Ball, location: 2F
2-2: Ball
3-2: SOLO HOME RUN (Flyball, 78XD, EV 108.8 MPH), Distance : 450 ft
Pitching: RHP Nick Vincent
Batting: RHB Jacob Stallings 0-0: Ball
1-0: Fly out, F8 (Flyball, 8RD, EV 102.5 MPH)
Batting: RHB Ke'Bryan Hayes 0-0: Called Strike
0-1: Ball
1-1: Foul Ball, location: 2F
1-2: Ground out 5-3 (Groundball, 56, EV 101.9 MPH)
Top of the 8th over - 4 runs, 4 hits, 0 errors, 0 left on base; Pittsburgh 5 - San Francisco 1
BOTTOM OF THE 8TH
San Francisco Giants batting - Pitching for Pittsburgh Pirates : RHP Joe Musgrove
Pinch Hitting: RHB Wilmer Flores 0-0: Ball
1-0: Fly out, F7 (Flyball, 7S, EV 75.0 MPH)
Pitching: RHP Kyle Crick
Batting: LHB Steven Duggar 0-0: Called Strike
0-1: Called Strike
0-2: Fly out, F8 (Flyball, 8RD, EV 100.0 MPH)
Batting: LHB Brandon Belt 0-0: Called Strike
0-1: Foul Ball, location: 2F
0-2: Strikes out swinging
Bottom of the 8th over - 0 runs, 0 hits, 0 errors, 0 left on base; Pittsburgh 5 - San Francisco 1
TOP OF THE 9TH
Pittsburgh Pirates batting - Pitching for San Francisco Giants : RHP Nick Vincent
Pitching: LHP Sam Selman
Batting: LHB Kevin Kramer 0-0: Foul Ball, location: 2F
0-1: Ball
1-1: Ball
2-1: Ball
3-1: Base on Balls
Batting: RHB Guillermo Heredia 0-0: Swinging Strike
0-1: Foul Ball, location: 2F
0-2: Ball
1-2: Ball
2-2: Foul Ball, location: 2F
2-2: Ball
Wild Pitch!
Kevin Kramer to second
3-2: Fly out, F8 (Line Drive, 8RD, EV 105.6 MPH)
Pinch Hitting: LHB Colin Moran 0-0: Foul Ball, location: 2F
0-1: Hit by Pitch
Batting: LHB Jarrod Dyson 0-0: Fielders Choice at 2nd, 6-4 (Groundball, 56, EV 86.9 MPH)
Kevin Kramer to third
Batting: RHB Kevin Newman 0-0: Ball
1-0: Ball
2-0: Called Strike
2-1: Ball
3-1: SINGLE (Groundball, 6MD, EV 104.4 MPH)
Kevin Kramer scores
Jarrod Dyson to second
Batting: SHB Bryan Reynolds 0-0: Ball
1-0: Called Strike
1-1: Foul Ball, location: 2F
1-2: Foul Ball, location: 2F
1-2: Ball
2-2: SINGLE (Line Drive, 8LS, EV 98.8 MPH)
Jarrod Dyson to third
Kevin Newman to second
Runner from 3rd tries for Home, SAFE, throw by CF to home
Batting: SHB Josh Bell 0-0: Called Strike
0-1: Ball
1-1: SINGLE (Flyball, 8LS, EV 92.5 MPH)
Kevin Newman to third
Bryan Reynolds to second
Batting: RHB Jacob Stallings 0-0: Called Strike
0-1: SINGLE (Groundball, 56D, EV 93.8 MPH)
Kevin Newman scores
Bryan Reynolds to third
Josh Bell to second
Runner from 3rd tries for Home, SAFE, throw by LF to home
Pitching: RHP Trevor Oaks
Batting: RHB Ke'Bryan Hayes 0-0: Ball
1-0: SINGLE (Groundball, 56D, EV 111.9 MPH)
Josh Bell to third
Jacob Stallings to second
Runner from 3rd tries for Home, SAFE, throw by LF to home
Batting: LHB Kevin Kramer 0-0: Ball
1-0: Ball
2-0: Ball
3-0: Ground out U3 (Groundball, 3, EV 91.9 MPH)
Top of the 9th over - 5 runs, 5 hits, 0 errors, 2 left on base; Pittsburgh 10 - San Francisco 1
BOTTOM OF THE 9TH
San Francisco Giants batting - Pitching for Pittsburgh Pirates : RHP Kyle Crick
Pitching: LHP Brandon Waddell
Batting: RHB Yasiel Puig 0-0: Ball
1-0: Foul Ball, location: 2F
1-1: Ball
2-1: Ball
3-1: Foul Ball, location: 2F
3-2: Base on Balls
Batting: LHB Mike Yastrzemski 0-0: Foul Ball, location: 2F
0-1: Foul Ball, location: 2F
0-2: Grounds into double play, 3-6-3 (Groundball, 34S, EV 83.8 MPH)
Batting: RHB Evan Longoria 0-0: SINGLE (Groundball, 56D, EV 100.0 MPH)
Batting: LHB Brandon Crawford 0-0: Ball
1-0: Foul Ball, location: 2F
1-1: Called Strike
1-2: Strikes out swinging
Bottom of the 9th over - 0 runs, 1 hit, 0 errors, 1 left on base; Pittsburgh 10 - San Francisco 1
Monday, June 15th, 2020 - OOTP Baseball 21.3 Build 54